 Dungeon Crawl Stone Soup version 0.20.1-1-g8b1a95d (webtiles) character file.

1061 digijack the Charmwright (level 8, -7/62 HPs)
             Began as a Barachi Skald on Nov 20, 2017.
             Killed by divine providence
             ... invoked by an orc priest
              (14 damage)
             ... on level 6 of the Dungeon on Nov 23, 2017.
             The game lasted 00:38:20 (6126 turns).

digijack the Charmwright (Barachi Skald)            Turns: 6126, Time: 00:38:21

Health: -7/62      AC:  9    Str: 13    XL:     8   Next: 27%
Magic:  14/14      EV: 13    Int: 15    God:
Gold:   276        SH:  0    Dex: 14    Spells: 8/15 levels left

rFire    . . .     SeeInvis .   a - +2 short sword (vamp)
rCold    . . .     Gourm    .   (no shield)
rNeg     . . .     Faith    .   j - +0 robe
rPois    .         Spirit   .   (no helmet)
rElec    .         Reflect  .   q - +1 cloak
rCorr    .         Harm     .   i - +2 pair of gloves
MR       .....     Clarity  +   (no boots)
Stlth    ++........             k - amulet of magic regeneration
Regen    0.2/turn               (no ring)
MPRegen  0.3/turn               (no ring)

@: infused, slow
A: +LOS, swims, hooves 1, molten scales 1, thin skeletal structure 1, clarity,
slowness 1, strong legs 1
a: Hop


You were on level 6 of the Dungeon.
You were not hungry.

You visited 1 branch of the dungeon, and saw 6 of its levels.

You collected 276 gold pieces.

Inventory:

Hand Weapons
 a - a +2 vampiric short sword (weapon)
Armour
 i - a +2 pair of gloves (worn)
 j - a +0 robe (worn)
 q - a +1 cloak (worn)
Jewellery
 k - an amulet of magic regeneration (around neck)
Wands
 f - a wand of flame (26/48)
 m - a wand of lightning (3/15)
 o - a wand of scattershot (6/9)
Scrolls
 e - 2 scrolls of blinking
 n - 2 scrolls of remove curse
 p - a scroll of fog
Potions
 b - a potion of berserk rage
 l - a potion of magic
Books
 c - a book of Battle

   Spells                             Type                      Level
   a - Infusion                       Charms                       1
   b - Shroud of Golubria             Charms/Translocation         2
   c - Song of Slaying                Charms                       2
   d - Spectral Weapon                Hexes/Charms                 3
   e - Regeneration                   Charms/Necromancy            3
Comestibles
 d - 3 bread rations
 g - 3 royal jellies
 h - a meat ration
 r - 2 chunks of flesh


   Skills:
 + Level 5.2 Fighting
 + Level 5.2 Short Blades
 + Level 4.4 Armour
 - Level 3.4 Dodging
 + Level 4.3 Spellcasting
 - Level 0.2 Hexes
 + Level 5.7 Charms


You had 8 spell levels left.
You knew the following spells:

 Your Spells              Type           Power        Failure   Level  Hunger
a - Infusion              Chrm           ###.         1%          1    None
b - Regeneration          Chrm/Necr      ##........   16%         3    ###....
c - Spectral Weapon       Hex/Chrm       ##......     16%         3    ###....


Dungeon Overview and Level Annotations

Branches:
Dungeon (6/15)
 Temple: D:4-7

Altars:

Shops:
D:5 (


Innate Abilities, Weirdness & Mutations

Shadows flee at your approach. (+LOS)
You can swim through water.
You cover ground slowly.
You can hop short distances.
You have large cloven feet.
You are partially covered in molten scales. (AC +2)
You have a somewhat thin skeletal structure. (Dex +2, Stealth)
You possess an exceptional clarity of mind.


Message History

An orc priest comes into view.
Casting: Spectral Weapon
Confirm with . or Enter, or press ? or * to list all spells.
You begin infusing your attacks with magical energy.
The orc priest calls down the wrath of Beogh upon you.
Beogh smites you!
The orc priest invokes the aid of Beogh against you.
Beogh smites you!
* * * LOW HITPOINT WARNING * * *
An orc wizard comes into view. It is wielding a dagger.
Casting: Infusion
Confirm with . or Enter, or press ? or * to list all spells.
Okay, then.
An orc warrior comes into view. It is wielding a war axe.
The orc wizard shouts!
The orc wizard moves out of view.
An orc warrior comes into view. It is wielding a long sword.
The orc priest calls down the wrath of Beogh upon you.
Beogh smites you!
You die...

#... #..#. #... ....
#... #..# # #...
#..###.# #... #......
#...########...###
#.#....o.#.......####
#...#.###..o........#
## #@## ##.......##.#
##.## ##....### #..
#....# ....# ##.####
.##.#.# ##.## #. #.
#.###..# #. #.
#...#)###### . #.
##...).....# .
#.##.##.#.#


You could see an orc priest.

Vanquished Creatures
  2 phantoms
  The ghost of Taban the Ruffian, an amateur DrTm (D:3)
  3 howler monkeys
  2 crimson imps (D:5)
  A jelly (D:5)
  6 orc priests
  A bullfrog skeleton (D:5)
  Jessica (D:2)
  A worker ant (D:5)
  6 orc wizards
  5 gnolls
  3 adders
  5 worms
  A dart slug (D:1)
  2 leopard geckos
  16 orcs
  A giant cockroach (D:4)
  5 goblins
  4 hobgoblins
  6 jackals
  2 quokkas
  A ball python (D:3)
  10 bats
  5 frilled lizards
  4 kobolds
  A leopard gecko skeleton (D:4)
  A quokka skeleton (D:5)
  A quokka zombie (D:5)
  3 rats
100 creatures vanquished.

Notes
Turn   | Place    | Note
-------+----------+-------------------------------------------
     0 | D:1      | digijack the Barachi Skald began the quest for the Orb.
     0 | D:1      | Reached XP level 1. HP: 17/17 MP: 3/3
   257 | D:1      | Reached XP level 2. HP: 5/23 MP: 0/5
   576 | D:1      | Learned a level 2 spell: Song of Slaying
   598 | D:1      | Reached XP level 3. HP: 28/28 MP: 0/6
   667 | D:1      | Learned a level 3 spell: Spectral Weapon
  1138 | D:2      | Gained mutation: Your spells are a little harder to cast, but a little more powerful. [potion of mutation]
  1138 | D:2      | Gained mutation: You have a somewhat thin skeletal structure. (Dex +2, Stealth) [potion of mutation]
  1218 | D:2      | Noticed Jessica
  1229 | D:2      | Killed Jessica
  1229 | D:2      | Reached XP level 4. HP: 22/34 MP: 3/7
  1396 | D:2      | Learned a level 3 spell: Regeneration
  1779 | D:2      | Lost mutation: Your spells are a little harder to cast, but a little more powerful. [potion of mutation]
  1779 | D:2      | Gained mutation: You are weak. (Str -2) [potion of mutation]
  1779 | D:2      | Gained mutation: Your magical capacity is low. (-10% MP) [potion of mutation]
  1779 | D:2      | Gained mutation: You have sharp toenails. [potion of mutation]
  1779 | D:2      | Gained mutation: You are partially covered in molten scales. (AC +2) [potion of mutation]
  1780 | D:2      | Lost mutation: Your magical capacity is low. (-10% MP) [potion of mutation]
  1780 | D:2      | Lost mutation: You have sharp toenails. [potion of mutation]
  1780 | D:2      | Lost mutation: You are weak. (Str -2) [potion of mutation]
  1780 | D:2      | Gained mutation: You have large cloven feet. [potion of mutation]
  1780 | D:2      | Gained mutation: You possess an exceptional clarity of mind. [potion of mutation]
  2409 | D:3      | Noticed Taban's ghost (amateur DrTm)
  2420 | D:3      | Killed Taban's ghost
  2420 | D:3      | Reached XP level 5. HP: 26/41 MP: 3/9
  2905 | D:3      | Reached XP level 6. HP: 39/47 MP: 8/10
  4443 | D:4      | Noticed a phantom
  4466 | D:4      | Killed a phantom
  4466 | D:4      | Reached XP level 7. HP: 24/54 MP: 5/12
  4959 | D:5      | Entered Level 5 of the Dungeon
  4960 | D:5      | Found Vuicus's Weapon Emporium.
  4974 | D:5      | Reached skill level 5 in Charms
  5504 | D:5      | Reached XP level 8. HP: 58/61 MP: 8/14
  5560 | D:5      | Reached skill level 5 in Fighting
  5560 | D:5      | Reached skill level 5 in Short Blades
  6126 | D:6      | Killed from afar by an orc priest

Skill      XL: |  1  2  3  4  5  6  7  8 |
---------------+-------------------------+-----
Short Blades   | 3 4 5 |  5.2
Charms         | 4 5 |  5.7
Fighting       | 3 4 5 |  5.2
Armour         | 2 3 4 |  4.4
Spellcasting   | 3 4 |  4.3
Dodging        | 3 |  3.4
Hexes          | |  0.2

Action                   |  1- 3 |  4- 6 |  7- 9 || total
-------------------------+-------+-------+-------++-------
Melee: Short sword       |    51 |   160 |   178 ||   389
       Kick              |       |    31 |    49 ||    80
 Cast: Infusion          |    11 |    24 |    10 ||    45
       Song of Slaying   |     2 |       |       ||     2
       Spectral Weapon   |     1 |     4 |     3 ||     8
       Regeneration      |       |     1 |       ||     1
 Abil: Hop               |     1 |     1 |     1 ||     3
Evoke: Wand              |       |     2 |       ||     2
  Use: Scroll            |     4 |     7 |     3 ||    14
       Potion            |     3 |     7 |       ||    10
 Stab: Sleeping          |       |     1 |     1 ||     2
  Eat: Chunk             |     2 |     4 |     2 ||     8
       Bread ration      |       |     3 |     1 ||     4
Armor: Leather armour    |    15 |       |       ||    15
       Robe              |       |    24 |    27 ||    51
Dodge: Dodged            |    43 |    78 |    56 ||   177
